AoeStats
← audi_225

Yucatan

503179079Analyzed
2v2 RM · 1mo ago on Aug 30, 2026· 28m 17s· 4 players
Game mode
Random Map
Map size
Medium (4 player)
Population
200
Speed
Normal
Resources
Standard
Victory
Conquest
Starting age
Dark Age
Ending age
Imperial Age
RankedLock teamsTeams togetherTeam positionsShared explorationLock speedFull tech treeHidden civsTurbo modeCheats
Victory
Defeat
🇺🇦 Magyars · Ukraine
1457
+15
🇧🇷 Mongols · Brazil
1431
+17
🇫🇷 Turks · France
1475
-17
🇫🇷 Mongols · France
1409
-14
duckdowN
5:38 Loom
8:28 Feudal Age
10:49 Double-Bit Axe
16:12 Castle Age
16:13 Forging
16:59 Bloodlines
17:26 Husbandry
17:23 Horse Collar
20:54 Scale Barding Armor
26:05 Wheelbarrow
26:22 Chain Barding Armor
26:41 Bow Saw
27:29 Gold Mining
audi_225
5:23 Loom
5:29 Loom
8:34 Feudal Age
9:29 Double-Bit Axe
13:03 Horse Collar
13:53 Scale Barding Armor
23:07 Castle Age
21:17 Gold Mining
22:18 Bloodlines
23:53 Husbandry
24:39 Chain Barding Armor
25:01 Light Cavalry
ElRudyGrando
7:46 Loom
9:41 Feudal Age
9:36 Loom
10:47 Double-Bit Axe
14:39 Forging
20:06 Horse Collar
25:38 Wheelbarrow
28:34 Castle Age
27:45 Scale Barding Armor
27:51 Bloodlines
ZOBKILLER
1:07 Loom
14:58 Feudal Age
20:47 Castle Age
19:06 Double-Bit Axe
19:29 Stone Mining
20:51 Gold Mining
Connection lost

Rejoining the realm…

Still unreachable

The connection could not be restored.

Session expired

The server has moved on; the page needs a fresh start.